Eagles vs IceHogs

Created - 19 octobre 2025 at 11:40

Goals
1 2 3 T
Eagles 2 1 2 5
IceHogs 1 2 0 3
Shots
1 2 3 T
Eagles 6 11 3 20
IceHogs 7 12 10 29

GoalsPenalties
1st period
1. Eagles , Gage Goncalves 5 (Maxim Tsyplakov 4, Walker Duehr 4) at 10:09
2. IceHogs , John Beecher 2 (Axel Jonsson-Fjällby 2, Ivan Ivan 3) at 15:52
3. Eagles , Gage Goncalves 6 (Maxim Tsyplakov 5) at 16:11
No Penalty
2nd period
4. Eagles , Chris Wagner 3 (Mike Vecchione 4) at 1:05
5. IceHogs , Alexander Holtz 5 (Jackson Blake 5, Shakir Mukhamadullin 2) at 1:31
6. IceHogs , Alex Turcotte 3 (Lian Bichsel 2, Kevin Rooney 2) at 18:28
Nikolas Brouillard (CHI) for Slashing (Minor) at 2:14
Hunter Skinner (COL) for Cross-checking (Minor) at 10:38
Andrew Agozzino (CHI) for Holding (Minor) at 0:00
3rd period
7. Eagles , Daniel Walcott 1 (Walker Duehr 5, Jett Woo 1) at 12:16 (SH)
8. Eagles , Maxim Tsyplakov 2 (Gage Goncalves 8, Mike Vecchione 5) at 19:47 (Empty Net)
Nate Clurman (CHI) for Hooking (Minor) at 5:30
Mark Giordano (COL) for Holding (Minor) at 11:13
Goalie Stats
Ivan Fedotov (COL), 26 saves from 29 shots - (0,897), W, 6-0-1, 60:00 minutes
Pheonix Copley (CHI), 15 saves from 19 shots - (0,789), L, 4-2-0, 59:27 minutes
3 StarsOfficial
1 - Gage Goncalves (COL)
2 - Maxim Tsyplakov (COL)
3 - Mike Vecchione (COL)
Referees : Kelly Sutherland and Tatu Kunto
Linesman : Ryan Daisy and Dan Kelly
Game Note
Maxim Tsyplakov has scored in a empty net!



Team Name Goals Shots Shots Attemp Shots Blocked PIM HIT PP PK FO%
Eagles 5203774150 / 3 (0%)038%
IceHogs 3295876320 / 2 (0%)062%

Eagles
Player Name POS G A P +/- PIM HIT SHT SB MP PP MP PP SHT PK MP PK SHT FO% FOT GA TA
Alex AlexeyevD0001012127:413:0102:3300% 000
Chris WagnerC/RW1010011013:090:0000:00020% 500
Daniel WalcottLW1011011219:152:5001:1310% 001
Gage GoncalvesC/RW2131015224:483:0802:45048% 2920
Hunter SkinnerD0002201012:580:0000:0000% 001
Isaiah GeorgeD000-1000019:052:5701:2500% 000
Jett WooD0113000015:020:0001:1800% 001
John LudvigD000-1010018:152:5701:2500% 000
Kyle CliffordLW0000011013:060:0000:0000% 100
Mark GiordanoD0001210121:453:0101:1500% 000
Matthew PecaC000000004:480:0000:0000% 000
Maxim TsyplakovRW1231031118:423:0800:000100% 110
Mike VecchioneLW0221032024:513:0302:4500% 001
Nikolai KnyzhovD000-101005:250:0000:0000% 000
Ryan CarpenterC0000010016:000:0500:18040% 502
Trey Fix-WolanskyRW000000100:530:0000:0000% 000
Walker DuehrC/RW0221003022:072:5000:55013% 810
Zack MacEwenRW0000002018:102:5000:0000% 110
IceHogs
Player Name POS G A P +/- PIM HIT SHT SB MP PP MP PP SHT PK MP PK SHT FO% FOT GA TA
Alex Barré-BouletC/RW000000000:160:0000:0000% 000
Alex TurcotteC/LW/RW101-1035018:561:5611:3400% 000
Alexander HoltzLW/RW101-1002023:432:0203:160100% 111
Andrew AgozzinoLW000020209:430:0000:0000% 000
Axel Jonsson-FjällbyC/LW011002008:480:0001:0800% 010
Ivan IvanC011000207:280:0000:000100% 500
Jackson BlakeRW011-1023020:322:0200:0000% 010
Jesper FastRW0000021011:350:0000:0000% 000
John BeecherC/RW101-1033123:222:0213:16061% 2800
Kaedan KorczakD0000030025:522:1603:1000% 001
Kevin RooneyC011-1038018:021:5601:34375% 800
Lian BichselD0110030119:411:4202:4800% 001
Mavrik BourqueC000-1032117:221:5601:08025% 821
Nate ClurmanD000-2200215:120:0000:4300% 000
Nikolas BrouillardD0000220119:011:4202:0500% 010
Riley TufteLW0000010014:080:0000:0000% 001
Shai BuiumD000-2010114:270:0000:0000% 000
Shakir MukhamadullinD0110041025:522:1603:1000% 000

Eagles

5 vs 5 Forward
Line #Left WingCenterRight WingPHYDFOFWanted %Time %Time Play
1Mike VecchioneGage GoncalvesMaxim Tsyplakov1224028%13:48
2Daniel WalcottWalker DuehrZack MacEwen1223035%17:24
3Kyle CliffordRyan CarpenterGage Goncalves1222024%11:58
4Mike VecchioneChris WagnerWalker Duehr1221012%5:57
5 vs 5 Defense
Line #DefenseDefensePHYDFOFWanted %Time %Time Play
1Alex AlexeyevMark Giordano1224034%16:52
2Isaiah GeorgeJohn Ludvig1223028%13:53
3Jett WooHunter Skinner1222026%12:57
4Nikolai KnyzhovAlex Alexeyev1221011%5:25
Power Play Forward
Line #Left WingCenterRight WingPHYDFOFWanted %Time %Time Play
1Mike VecchioneGage GoncalvesMaxim Tsyplakov1226053%3:08
2Daniel WalcottWalker DuehrZack MacEwen1224047%2:50
Power Play Defense
Line #DefenseDefensePHYDFOFWanted %Time %Time Play
1Alex AlexeyevMark Giordano1226051%3:01
2Isaiah GeorgeJohn Ludvig1224049%2:57
Penalty Kill 4 Players Forward
Line #CenterWingPHYDFOFWanted %Time %Time Play
1Gage GoncalvesMike Vecchione1226077%3:03
2Walker DuehrDaniel Walcott1224023%0:55
Penalty Kill 4 Players Defense
Line #DefenseDefensePHYDFOFWanted %Time %Time Play
1Alex AlexeyevMark Giordano1226064%2:33
2Isaiah GeorgeJohn Ludvig1224036%1:25
Penalty Kill 3 Players
Line #WingPHYDFOFWanted %Time %Time PlayDefenseDefensePHYDFOFWanted %Time %Time Play
1Gage Goncalves122600%0:00 Alex AlexeyevMark Giordano122600%0:00
2Walker Duehr122400%0:00 Isaiah GeorgeJohn Ludvig122400%0:00
4 vs 4 Forward
Line #CenterWingPHYDFOFWanted %Time %Time Play
1Gage GoncalvesMike Vecchione122600%0:00
2Walker DuehrDaniel Walcott122400%0:00
4 vs 4 Defense
Line #DefensePHYDFOFWanted %Time %Time Play
1Alex AlexeyevMark Giordano122600%0:00
2Isaiah GeorgeJohn Ludvig122400%0:00
Last Minutes Offensive
Left WingCenterRight WingDefenseDefense
Mike VecchioneGage GoncalvesMaxim TsyplakovAlex AlexeyevMark Giordano
Last Minutes Defensive
Left WingCenterRight WingDefenseDefense
Mike VecchioneGage GoncalvesMaxim TsyplakovAlex AlexeyevMark Giordano
Time
Total ForwardTotal DefenseLast Minutes OffensiveLast Minutes Defensive
60:00 60:00 0:000:57
Extra Forwards
Normal PowerPlayPenalty Kill
Ryan Carpenter, Chris Wagner, Matthew PecaRyan Carpenter, Chris WagnerRyan Carpenter
Extra Defensemen
Normal PowerPlayPenalty Kill
Jett Woo, Hunter Skinner, Nikolai KnyzhovJett Woo, Jett WooHunter Skinner
Penalty Shots
Maxim Tsyplakov, Zack MacEwen, Gage Goncalves, Walker Duehr, Ryan Carpenter
Goalie
Ivan Fedotov, Collin Delia
Scratches
Kyle Masters (Healthy), Gleb Trikozov (Healthy), Joey Keane (Healthy), Justin Robidas (Healthy), Rodwin Dionicio (Healthy) Vincent Arseneau (Healthy), Simon Lundmark (Healthy), Aleksandr Kisakov (Healthy), Tomas Suchanek (Healthy)

IceHogs

5 vs 5 Forward
Line #Left WingCenterRight WingPHYDFOFWanted %Time %Time Play
1Alexander HoltzJohn BeecherJackson Blake0234035%17:13
2Alex TurcotteKevin RooneyRiley Tufte0233033%16:04
3Andrew AgozzinoMavrik BourqueJesper Fast0322020%9:39
4Axel Jonsson-FjällbyIvan IvanMavrik Bourque0321013%6:11
5 vs 5 Defense
Line #DefenseDefensePHYDFOFWanted %Time %Time Play
1Kaedan KorczakShakir Mukhamadullin0324037%17:58
2Lian BichselNikolas Brouillard0323032%15:32
3Nate ClurmanShai Buium0322027%13:09
4Kaedan KorczakShakir Mukhamadullin032105%2:28
Power Play Forward
Line #Left WingCenterRight WingPHYDFOFWanted %Time %Time Play
1Alexander HoltzJohn BeecherJackson Blake1226051%2:02
2Alex TurcotteKevin RooneyMavrik Bourque1224049%1:56
Power Play Defense
Line #DefenseDefensePHYDFOFWanted %Time %Time Play
1Kaedan KorczakShakir Mukhamadullin1226057%2:16
2Lian BichselNikolas Brouillard1224043%1:42
Penalty Kill 4 Players Forward
Line #CenterWingPHYDFOFWanted %Time %Time Play
1John BeecherAlexander Holtz1226074%4:24
2Kevin RooneyAlex Turcotte1224026%1:34
Penalty Kill 4 Players Defense
Line #DefenseDefensePHYDFOFWanted %Time %Time Play
1Kaedan KorczakShakir Mukhamadullin1226053%3:10
2Lian BichselNikolas Brouillard1224047%2:48
Penalty Kill 3 Players
Line #WingPHYDFOFWanted %Time %Time PlayDefenseDefensePHYDFOFWanted %Time %Time Play
1John Beecher122600%0:00 Kaedan KorczakShakir Mukhamadullin122600%0:00
2Kevin Rooney122400%0:00 Lian BichselNikolas Brouillard122400%0:00
4 vs 4 Forward
Line #CenterWingPHYDFOFWanted %Time %Time Play
1John BeecherAlexander Holtz122600%0:00
2Kevin RooneyAlex Turcotte122400%0:00
4 vs 4 Defense
Line #DefensePHYDFOFWanted %Time %Time Play
1Kaedan KorczakShakir Mukhamadullin122600%0:00
2Lian BichselNikolas Brouillard122400%0:00
Last Minutes Offensive
Left WingCenterRight WingDefenseDefense
Alexander HoltzJohn BeecherJackson BlakeKaedan KorczakShakir Mukhamadullin
Last Minutes Defensive
Left WingCenterRight WingDefenseDefense
Alexander HoltzJohn BeecherJackson BlakeKaedan KorczakShakir Mukhamadullin
Time
Total ForwardTotal DefenseLast Minutes OffensiveLast Minutes Defensive
60:00 60:00 0:570:00
Extra Forwards
Normal PowerPlayPenalty Kill
Mavrik Bourque, Alex Turcotte, Jesper FastMavrik Bourque, Alex TurcotteMavrik Bourque
Extra Defensemen
Normal PowerPlayPenalty Kill
Nikolas Brouillard, Nate Clurman, Shai BuiumNikolas Brouillard, Nikolas BrouillardNate Clurman
Penalty Shots
Alexander Holtz, John Beecher, Jackson Blake, Kevin Rooney, Mavrik Bourque
Goalie
Pheonix Copley, Akira Schmid
Scratches
Milan Lucic (Healthy), Ondrej Pavel (Healthy), Adam Erne (Healthy), Chase Bradley (Healthy), Maros Jedlicka (Healthy) Nikita Prishchepov (Healthy), Ole Julian Bjørgvik-Holm (Healthy), Grigori Denisenko (Healthy), Tristen Nielsen (Healthy), Chris Ortiz (Healthy) Luke Toporowski (Healthy), Georgi Romanov (Healthy), Aaron Dell (Healthy), Kevin Mandolese (Healthy)


Play-by-Play

1st period


0:01 of 1st period - Gage Goncalves wins face-off versus John Beecher in neutral zone.
0:04 of 1st period - Slapshot by Gage Goncalves.
0:04 of 1st period - Shot Misses the Net.
0:26 of 1st period - Mark Giordano is hit by Kaedan Korczak and loses puck.
0:48 of 1st period - Off-side.
0:49 of 1st period - Mavrik Bourque wins face-off versus Ryan Carpenter in neutral zone.
1:26 of 1st period - John Ludvig is hit by Shai Buium.
1:37 of 1st period - Off-side.
1:38 of 1st period - Kevin Rooney wins face-off versus Walker Duehr in neutral zone.
1:49 of 1st period - Backhand shot by Kevin Rooney.
1:49 of 1st period - Shot Misses the Net.
1:51 of 1st period - Slapshot by Shakir Mukhamadullin.
1:51 of 1st period - Stopped by Ivan Fedotov without a rebound.
1:52 of 1st period - Ivan Ivan wins face-off versus Gage Goncalves in Eagles zone.
2:08 of 1st period - Icing by Maxim Tsyplakov.
2:09 of 1st period - Maxim Tsyplakov wins face-off versus John Beecher in Eagles zone.
2:13 of 1st period - Off-side.
2:14 of 1st period - John Beecher wins face-off versus Gage Goncalves in neutral zone.
2:27 of 1st period - Snap shot by Alexander Holtz.
2:27 of 1st period - Shot Hit the Post.
4:02 of 1st period - Snap shot by Alex Turcotte.
4:02 of 1st period - Stopped by Ivan Fedotov with a rebound.
4:36 of 1st period - Snap shot by Ivan Ivan.
4:36 of 1st period - Stopped by Ivan Fedotov with a rebound.
5:00 of 1st period - Snap shot by Zack MacEwen.
5:00 of 1st period - Stopped by Pheonix Copley without a rebound.
5:01 of 1st period - Chris Wagner wins face-off versus Kevin Rooney in IceHogs zone.
6:02 of 1st period - Snap shot by Mavrik Bourque.
6:02 of 1st period - Stopped by Ivan Fedotov with a rebound.
6:31 of 1st period - Maxim Tsyplakov is hit by Shakir Mukhamadullin and loses puck.
7:06 of 1st period - Daniel Walcott is hit by Kaedan Korczak and loses puck.
7:53 of 1st period - Isaiah George is hit by Lian Bichsel and loses puck.
8:08 of 1st period - Icing by Mike Vecchione.
8:09 of 1st period - John Beecher wins face-off versus Gage Goncalves in Eagles zone.
8:10 of 1st period - Snap shot by Alexander Holtz.
8:10 of 1st period - Shot Blocked by Gage Goncalves.
8:56 of 1st period - Ryan Carpenter is hit by Mavrik Bourque and loses puck.
9:18 of 1st period - Icing by Hunter Skinner.
9:19 of 1st period - Ivan Ivan wins face-off versus Ryan Carpenter in Eagles zone.
9:30 of 1st period - Snap shot by Ivan Ivan.
9:30 of 1st period - Shot Misses the Net.
9:51 of 1st period - Snap shot by Jackson Blake.
9:51 of 1st period - Shot Blocked by Daniel Walcott.
9:53 of 1st period - Slapshot by Alexander Holtz.
9:53 of 1st period - Shot Blocked by Daniel Walcott.
10:09 of 1st period - Snap shot by Gage Goncalves.
10:09 of 1st period - Goal by Gage Goncalves - Eagles : 1 - IceHogs : 0.
10:10 of 1st period - John Beecher wins face-off versus Gage Goncalves in neutral zone.
10:43 of 1st period - Wrist shot by Zack MacEwen.
10:43 of 1st period - Shot Misses the Net.
11:03 of 1st period - Snap shot by Gage Goncalves.
11:03 of 1st period - Stopped by Pheonix Copley with a rebound.
11:52 of 1st period - Wrist shot by Kevin Rooney.
11:52 of 1st period - Shot Misses the Net.
12:00 of 1st period - Wrist shot by Alex Turcotte.
12:00 of 1st period - Shot Hit the Post.
12:02 of 1st period - Snap shot by Kevin Rooney.
12:02 of 1st period - Shot Misses the Net.
12:22 of 1st period - Slapshot by Mavrik Bourque.
12:22 of 1st period - Shot Misses the Net.
14:56 of 1st period - Nikolai Knyzhov is hit by Axel Jonsson-Fjällby and loses puck.
15:44 of 1st period - Icing by Maxim Tsyplakov.
15:45 of 1st period - Ivan Ivan wins face-off versus Gage Goncalves in Eagles zone.
15:50 of 1st period - Slapshot by John Beecher.
15:50 of 1st period - Shot Blocked by Gage Goncalves.
15:52 of 1st period - Snap shot by John Beecher.
15:52 of 1st period - Goal by John Beecher - Eagles : 1 - IceHogs : 1.
15:53 of 1st period - Walker Duehr wins face-off versus John Beecher in neutral zone.
15:58 of 1st period - Slapshot by Walker Duehr.
15:58 of 1st period - Stopped by Pheonix Copley without a rebound.
15:59 of 1st period - John Beecher wins face-off versus Walker Duehr in IceHogs zone.
16:04 of 1st period - Snap shot by Zack MacEwen.
16:04 of 1st period - Stopped by Pheonix Copley without a rebound.
16:05 of 1st period - John Beecher wins face-off versus Gage Goncalves in IceHogs zone.
16:05 of 1st period - John Beecher is hit by Maxim Tsyplakov.
16:11 of 1st period - Snap shot by Gage Goncalves.
16:11 of 1st period - Goal by Gage Goncalves - Eagles : 2 - IceHogs : 1.
16:12 of 1st period - Gage Goncalves wins face-off versus John Beecher in neutral zone.
16:52 of 1st period - Wrist shot by Alexander Holtz.
16:52 of 1st period - Shot Misses the Net.
16:54 of 1st period - Snap shot by Jackson Blake.
16:54 of 1st period - Stopped by Ivan Fedotov with a rebound.
18:13 of 1st period - Daniel Walcott is hit by Mavrik Bourque and loses puck.
18:32 of 1st period - Snap shot by Andrew Agozzino.
18:32 of 1st period - Stopped by Ivan Fedotov without a rebound.
18:33 of 1st period - Gage Goncalves wins face-off versus Mavrik Bourque in Eagles zone.
18:38 of 1st period - Mavrik Bourque is hit by Maxim Tsyplakov and loses puck.
19:08 of 1st period - Alex Turcotte is hit by Mike Vecchione.
19:26 of 1st period - Slapshot by Kevin Rooney.
19:26 of 1st period - Shot Misses the Net.
Goals for this period are 2 for Eagles vs 1 for IceHogs.
Shots for this period are 6 for Eagles vs 7 for IceHogs.

2nd period


0:01 of 2nd period - Alexander Holtz wins face-off versus Gage Goncalves in neutral zone.
0:26 of 2nd period - Zack MacEwen is hit by Shakir Mukhamadullin and loses puck.
0:31 of 2nd period - Snap shot by Mavrik Bourque.
0:31 of 2nd period - Stopped by Ivan Fedotov with a rebound.
0:51 of 2nd period - Slapshot by Ryan Carpenter.
0:51 of 2nd period - Shot Blocked by Nate Clurman.
1:03 of 2nd period - Snap shot by Mike Vecchione.
1:03 of 2nd period - Stopped by Pheonix Copley with a rebound.
1:05 of 2nd period - Wrist shot by Chris Wagner.
1:05 of 2nd period - Goal by Chris Wagner - Eagles : 3 - IceHogs : 1.
1:06 of 2nd period - Gage Goncalves wins face-off versus John Beecher in neutral zone.
1:18 of 2nd period - Wrist shot by John Beecher.
1:18 of 2nd period - Stopped by Ivan Fedotov without a rebound.
1:19 of 2nd period - Gage Goncalves wins face-off versus John Beecher in Eagles zone.
1:19 of 2nd period - Gage Goncalves is hit by John Beecher.
1:29 of 2nd period - Snap shot by Jackson Blake.
1:29 of 2nd period - Shot Blocked by Maxim Tsyplakov.
1:31 of 2nd period - Snap shot by Alexander Holtz.
1:31 of 2nd period - Goal by Alexander Holtz - Eagles : 3 - IceHogs : 2.
1:32 of 2nd period - Gage Goncalves wins face-off versus Kevin Rooney in neutral zone.
1:47 of 2nd period - Riley Tufte is hit by Maxim Tsyplakov.
2:14 of 2nd period - Minor Penalty to Nikolas Brouillard for Slashing.
2:15 of 2nd period - John Beecher wins face-off versus Gage Goncalves in IceHogs zone.
3:00 of 2nd period - Wrist shot by Kevin Rooney.
3:00 of 2nd period - Stopped by Ivan Fedotov with a rebound.
3:02 of 2nd period - Snap shot by Kevin Rooney.
3:02 of 2nd period - Stopped by Ivan Fedotov with a rebound.
3:04 of 2nd period - Wrist shot by Kevin Rooney.
3:04 of 2nd period - Stopped by Ivan Fedotov without a rebound.
3:05 of 2nd period - Kevin Rooney wins face-off versus Walker Duehr in Eagles zone.
4:14 of 2nd period - Penalty to Nikolas Brouillard is over, Nikolas Brouillard is back on ice.
4:48 of 2nd period - Gage Goncalves is hit by Mavrik Bourque and loses puck.
5:11 of 2nd period - Hunter Skinner is hit by Alex Turcotte and loses puck.
6:05 of 2nd period - Alex Alexeyev is hit by John Beecher and loses puck.
6:20 of 2nd period - Wrist shot by Jesper Fast.
6:20 of 2nd period - Shot Misses the Net.
6:22 of 2nd period - Wrist shot by Jesper Fast.
6:22 of 2nd period - Stopped by Ivan Fedotov with a rebound.
6:24 of 2nd period - Wrist shot by Jesper Fast.
6:24 of 2nd period - Deflect By Alex Turcotte.
6:24 of 2nd period - Shot Misses the Net.
6:24 of 2nd period - Puck is out of play.
6:25 of 2nd period - Gage Goncalves wins face-off versus John Beecher in Eagles zone.
6:34 of 2nd period - Wrist shot by Gage Goncalves.
6:34 of 2nd period - Stopped by Pheonix Copley with a rebound.
6:36 of 2nd period - Backhand shot by Maxim Tsyplakov.
6:36 of 2nd period - Shot Misses the Net.
6:46 of 2nd period - Slapshot by Kevin Rooney.
6:46 of 2nd period - Stopped by Ivan Fedotov with a rebound.
6:54 of 2nd period - Snap shot by Alex Turcotte.
6:54 of 2nd period - Shot Misses the Net.
6:56 of 2nd period - Snap shot by Kevin Rooney.
6:56 of 2nd period - Stopped by Ivan Fedotov without a rebound.
6:57 of 2nd period - Mavrik Bourque wins face-off versus Chris Wagner in Eagles zone.
7:39 of 2nd period - Wrist shot by Ryan Carpenter.
7:39 of 2nd period - Deflect By Zack MacEwen.
7:39 of 2nd period - Shot Hit the Post.
7:39 of 2nd period - Puck is out of play.
7:40 of 2nd period - Kevin Rooney wins face-off versus Zack MacEwen in IceHogs zone.
7:51 of 2nd period - Mark Giordano is hit by Kevin Rooney and loses puck.
8:03 of 2nd period - Icing by Ryan Carpenter.
8:04 of 2nd period - John Beecher wins face-off versus Gage Goncalves in Eagles zone.
8:53 of 2nd period - Snap shot by Mavrik Bourque.
8:53 of 2nd period - Deflect By Andrew Agozzino.
8:53 of 2nd period - Stopped by Ivan Fedotov without a rebound.
8:54 of 2nd period - Gage Goncalves wins face-off versus Mavrik Bourque in Eagles zone.
8:54 of 2nd period - Gage Goncalves is hit by Jesper Fast.
9:02 of 2nd period - Slapshot by Mike Vecchione.
9:02 of 2nd period - Stopped by Pheonix Copley with a rebound.
9:04 of 2nd period - Slapshot by Alex Alexeyev.
9:04 of 2nd period - Stopped by Pheonix Copley without a rebound.
9:05 of 2nd period - John Beecher wins face-off versus Gage Goncalves in IceHogs zone.
9:17 of 2nd period - Icing by Alex Alexeyev.
9:18 of 2nd period - Gage Goncalves wins face-off versus John Beecher in Eagles zone.
9:18 of 2nd period - Gage Goncalves is hit by Jackson Blake.
9:26 of 2nd period - Shakir Mukhamadullin is hit by Mark Giordano and loses puck.
9:43 of 2nd period - Mike Vecchione is hit by Kevin Rooney and loses puck.
9:52 of 2nd period - Wrist shot by Kevin Rooney.
9:52 of 2nd period - Stopped by Ivan Fedotov with a rebound.
9:54 of 2nd period - Snap shot by Kaedan Korczak.
9:54 of 2nd period - Shot Misses the Net.
10:08 of 2nd period - Backhand shot by Zack MacEwen.
10:08 of 2nd period - Shot Misses the Net.
10:10 of 2nd period - Slapshot by Hunter Skinner.
10:10 of 2nd period - Stopped by Pheonix Copley with a rebound.
10:12 of 2nd period - Snap shot by Walker Duehr.
10:12 of 2nd period - Shot Blocked by Shai Buium.
10:14 of 2nd period - Snap shot by Walker Duehr.
10:14 of 2nd period - Stopped by Pheonix Copley without a rebound.
10:15 of 2nd period - John Beecher wins face-off versus Walker Duehr in IceHogs zone.
10:29 of 2nd period - Hunter Skinner is hit by Jackson Blake and loses puck.
10:38 of 2nd period - Minor Penalty to Hunter Skinner for Cross-checking.
10:39 of 2nd period - John Beecher wins face-off versus Gage Goncalves in Eagles zone.
11:43 of 2nd period - Slapshot by Alex Alexeyev.
11:43 of 2nd period - Shot Blocked by Lian Bichsel.
12:38 of 2nd period - Penalty to Hunter Skinner is over, Hunter Skinner is back on ice.
14:40 of 2nd period - Daniel Walcott is hit by Alex Turcotte and loses puck.
15:56 of 2nd period - Isaiah George is hit by Riley Tufte and loses puck.
16:24 of 2nd period - Gage Goncalves is hit by Jesper Fast.
17:12 of 2nd period - Jett Woo is hit by Nikolas Brouillard and loses puck.
17:20 of 2nd period - Icing by Hunter Skinner.
17:21 of 2nd period - Ivan Ivan wins face-off versus Walker Duehr in Eagles zone.
17:29 of 2nd period - Off-side.
17:30 of 2nd period - John Beecher wins face-off versus Kyle Clifford in neutral zone.
17:49 of 2nd period - Alexander Holtz is hit by Kyle Clifford and loses puck.
17:56 of 2nd period - Snap shot by Kyle Clifford.
17:56 of 2nd period - Stopped by Pheonix Copley with a rebound.
18:20 of 2nd period - Wrist shot by Gage Goncalves.
18:20 of 2nd period - Stopped by Pheonix Copley without a rebound.
18:21 of 2nd period - Kevin Rooney wins face-off versus Chris Wagner in IceHogs zone.
18:28 of 2nd period - Snap shot by Alex Turcotte.
18:28 of 2nd period - Goal by Alex Turcotte - Eagles : 3 - IceHogs : 3.
18:29 of 2nd period - Kevin Rooney wins face-off versus Chris Wagner in neutral zone.
18:40 of 2nd period - Mike Vecchione is hit by Shakir Mukhamadullin and loses puck.
18:56 of 2nd period - Kaedan Korczak is hit by Mike Vecchione and loses puck.
19:20 of 2nd period - Icing by Alex Alexeyev.
19:21 of 2nd period - John Beecher wins face-off versus Chris Wagner in Eagles zone.
19:24 of 2nd period - Slapshot by Jackson Blake.
19:24 of 2nd period - Shot Misses the Net.
19:32 of 2nd period - Snap shot by Jackson Blake.
19:32 of 2nd period - Shot Misses the Net.
19:44 of 2nd period - Nikolas Brouillard is hit by Mike Vecchione and loses puck.
19:51 of 2nd period - Slapshot by Walker Duehr.
19:51 of 2nd period - Stopped by Pheonix Copley with a rebound.
19:53 of 2nd period - Slapshot by Alex Alexeyev.
19:53 of 2nd period - Shot Blocked by John Beecher.
19:55 of 2nd period - Slapshot by Alex Alexeyev.
19:55 of 2nd period - Stopped by Pheonix Copley without a rebound.
19:56 of 2nd period - Ryan Carpenter wins face-off versus Mavrik Bourque in IceHogs zone.
Goals for this period are 1 for Eagles vs 2 for IceHogs.
Shots for this period are 11 for Eagles vs 12 for IceHogs.
0:00 of 3rd period - Minor Penalty to Andrew Agozzino for Holding.
Goals for this period are 1 for Eagles vs 2 for IceHogs.
Shots for this period are 11 for Eagles vs 12 for IceHogs.

3rd period


0:01 of 3rd period - John Beecher wins face-off versus Gage Goncalves in neutral zone.
0:04 of 3rd period - Alex Alexeyev is hit by John Beecher and loses puck.
1:50 of 3rd period - Walker Duehr is hit by Nikolas Brouillard and loses puck.
2:00 of 3rd period - Penalty to Andrew Agozzino is over, Andrew Agozzino is back on ice.
2:51 of 3rd period - Slapshot by Alex Turcotte.
2:51 of 3rd period - Stopped by Ivan Fedotov with a rebound.
2:53 of 3rd period - Slapshot by Shakir Mukhamadullin.
2:53 of 3rd period - Shot Misses the Net.
3:30 of 3rd period - Slapshot by Ivan Ivan.
3:30 of 3rd period - Shot Blocked by Alex Alexeyev.
3:50 of 3rd period - Alex Turcotte is hit by Gage Goncalves and loses puck.
4:24 of 3rd period - Alex Turcotte is hit by Ryan Carpenter and loses puck.
4:54 of 3rd period - Off-side.
4:55 of 3rd period - Gage Goncalves wins face-off versus Mavrik Bourque in neutral zone.
5:30 of 3rd period - Minor Penalty to Nate Clurman for Hooking.
5:31 of 3rd period - John Beecher wins face-off versus Gage Goncalves in IceHogs zone.
6:04 of 3rd period - Daniel Walcott is hit by Lian Bichsel and loses puck.
6:59 of 3rd period - Alex Turcotte is hit by John Ludvig and loses puck.
7:26 of 3rd period - Daniel Walcott is hit by Axel Jonsson-Fjällby and loses puck.
7:30 of 3rd period - Penalty to Nate Clurman is over, Nate Clurman is back on ice.
7:45 of 3rd period - Mark Giordano is hit by Kevin Rooney and loses puck.
7:59 of 3rd period - Off-side.
8:00 of 3rd period - Gage Goncalves wins face-off versus Mavrik Bourque in neutral zone.
9:01 of 3rd period - John Beecher is hit by Nikolai Knyzhov and loses puck.
9:43 of 3rd period - Icing by Riley Tufte.
9:44 of 3rd period - Ivan Ivan wins face-off versus Ryan Carpenter in IceHogs zone.
9:52 of 3rd period - Snap shot by Mavrik Bourque.
9:52 of 3rd period - Shot Misses the Net.
9:54 of 3rd period - Slapshot by Nate Clurman.
9:54 of 3rd period - Deflect By Ivan Ivan.
9:54 of 3rd period - Shot Misses the Net.
9:54 of 3rd period - Puck is out of play.
9:55 of 3rd period - John Beecher wins face-off versus Walker Duehr in Eagles zone.
9:58 of 3rd period - Slapshot by Alexander Holtz.
9:58 of 3rd period - Shot Misses the Net.
10:25 of 3rd period - Snap shot by Jackson Blake.
10:25 of 3rd period - Shot Misses the Net.
10:27 of 3rd period - Snap shot by Kevin Rooney.
10:27 of 3rd period - Stopped by Ivan Fedotov with a rebound.
10:29 of 3rd period - Slapshot by Kevin Rooney.
10:29 of 3rd period - Deflect By Alex Alexeyev.
10:29 of 3rd period - Stopped by Ivan Fedotov without a rebound.
10:30 of 3rd period - Kevin Rooney wins face-off versus Gage Goncalves in Eagles zone.
10:31 of 3rd period - Snap shot by Alex Turcotte.
10:31 of 3rd period - Stopped by Ivan Fedotov with a rebound.
10:43 of 3rd period - Mike Vecchione is hit by Lian Bichsel and loses puck.
11:02 of 3rd period - Snap shot by Jackson Blake.
11:02 of 3rd period - Stopped by Ivan Fedotov without a rebound.
11:03 of 3rd period - John Beecher wins face-off versus Walker Duehr in Eagles zone.
11:13 of 3rd period - Minor Penalty to Mark Giordano for Holding.
11:14 of 3rd period - Gage Goncalves wins face-off versus John Beecher in Eagles zone.
11:40 of 3rd period - Alex Alexeyev is hit by Alex Turcotte.
11:54 of 3rd period - Snap shot by Gage Goncalves.
11:54 of 3rd period - Shot Misses the Net.
12:12 of 3rd period - Snap shot by Mike Vecchione.
12:12 of 3rd period - Shot Misses the Net.
12:14 of 3rd period - Wrist shot by Jett Woo.
12:14 of 3rd period - Shot Blocked by Nikolas Brouillard.
12:16 of 3rd period - Slapshot by Walker Duehr.
12:16 of 3rd period - Deflect By Daniel Walcott.
12:16 of 3rd period - Goal by Daniel Walcott - Eagles : 4 - IceHogs : 3.
12:17 of 3rd period - Gage Goncalves wins face-off versus John Beecher in neutral zone.
12:36 of 3rd period - Snap shot by Alex Turcotte.
12:36 of 3rd period - Stopped by Ivan Fedotov with a rebound.
12:38 of 3rd period - Wrist shot by Alex Turcotte.
12:38 of 3rd period - Shot Misses the Net.
12:54 of 3rd period - Snap shot by John Beecher.
12:54 of 3rd period - Stopped by Ivan Fedotov with a rebound.
13:13 of 3rd period - Penalty to Mark Giordano is over, Mark Giordano is back on ice.
13:33 of 3rd period - Snap shot by Chris Wagner.
13:33 of 3rd period - Shot Misses the Net.
13:35 of 3rd period - Snap shot by Kyle Clifford.
13:35 of 3rd period - Shot Misses the Net.
13:37 of 3rd period - Wrist shot by Ryan Carpenter.
13:37 of 3rd period - Shot Misses the Net.
13:39 of 3rd period - Wrist shot by Kyle Clifford.
13:39 of 3rd period - Shot Blocked by Mavrik Bourque.
13:49 of 3rd period - Mavrik Bourque is hit by Daniel Walcott and loses puck.
14:02 of 3rd period - John Beecher is hit by Chris Wagner and loses puck.
14:56 of 3rd period - Alex Alexeyev is hit by Kaedan Korczak and loses puck.
16:11 of 3rd period - Walker Duehr is hit by Shakir Mukhamadullin and loses puck.
17:20 of 3rd period - Axel Jonsson-Fjällby is hit by Alex Alexeyev and loses puck.
18:13 of 3rd period - Slapshot by Alexander Holtz.
18:13 of 3rd period - Stopped by Ivan Fedotov with a rebound.
18:15 of 3rd period - Slapshot by Kaedan Korczak.
18:15 of 3rd period - Shot Misses the Net.
18:17 of 3rd period - Wrist shot by Ivan Ivan.
18:17 of 3rd period - Stopped by Ivan Fedotov with a rebound.
18:40 of 3rd period - Off-side.
18:41 of 3rd period - Ryan Carpenter wins face-off versus Mavrik Bourque in neutral zone.
18:48 of 3rd period - Slapshot by Isaiah George.
18:48 of 3rd period - Shot Blocked by Nate Clurman.
18:50 of 3rd period - Snap shot by Trey Fix-Wolansky.
18:50 of 3rd period - Stopped by Pheonix Copley without a rebound.
18:51 of 3rd period - David Bell call a timeout for IceHogs.
18:51 of 3rd period - John Beecher wins face-off versus Gage Goncalves in IceHogs zone.
19:14 of 3rd period - IceHogs, Pheonix Copley is pulled from the net.
19:37 of 3rd period - Slapshot by Jackson Blake.
19:37 of 3rd period - Stopped by Ivan Fedotov with a rebound.
19:39 of 3rd period - Snap shot by John Beecher.
19:39 of 3rd period - Shot Blocked by Mark Giordano.
19:47 of 3rd period - Slapshot by Gage Goncalves.
19:47 of 3rd period - Deflect By Maxim Tsyplakov.
19:47 of 3rd period - Goal by Maxim Tsyplakov - Eagles : 5 - IceHogs : 3.
19:47 of 3rd period - Pheonix Copley from IceHogs was sent back in the game.
19:48 of 3rd period - Gage Goncalves wins face-off versus John Beecher in neutral zone.
Goals for this period are 2 for Eagles vs 0 for IceHogs.
Shots for this period are 3 for Eagles vs 10 for IceHogs.